 Dungeon Crawl Stone Soup version 0.20.1-2-g1830e616b0 (webtiles) character file.

233 Alfie the Shooter (level 6, 0/47 HPs)
             Began as a Human Hunter on Feb 3, 2020.
             Succumbed to an adder's poison
             ... on level 3 of the Dungeon.
             The game lasted 00:09:42 (2247 turns).

Alfie the Shooter (Human Hunter)                    Turns: 2247, Time: 00:09:43

Health: 0/47       AC:  3    Str: 14    XL:     6   Next: 25%
Magic:  0/6        EV: 14    Int: 11    God:
Gold:   71         SH:  0    Dex: 14    Spells: 5/5 levels left

rFire    . . .     SeeInvis +   b - +0 short sword
rCold    . . .     Gourm    .   (no shield)
rNeg     . . .     Faith    .   c - +0 leather armour
rPois    .         Spirit   +   (no helmet)
rElec    .         Reflect  .   e - scarf {Spirit}
rCorr    .         Harm     .   (no gloves)
MR       .....                  (no boots)
Stlth    +.........             (no amulet)
Regen    0.2/turn               j - ring of see invisible
MPRegen  0.1/turn               q - +2 ring of evasion

@: lethally poisoned (0 -> -6), very slow
A: no striking features
a: no special abilities


You were on level 3 of the Dungeon.
You were not hungry.

You visited 1 branch of the dungeon, and saw 3 of its levels.

You collected 71 gold pieces.

Inventory:

Hand Weapons
 a - a +1 shortbow
 b - a +0 short sword (weapon)
Missiles
 d - 79 arrows
 v - 7 poisoned needles (quivered)
Armour
 c - a +0 leather armour (worn)
 e - a scarf of spirit shield (worn)
 p - a +0 pair of gloves
Jewellery
 j - a ring of see invisible (left hand)
 q - a +2 ring of evasion (right hand)
 w - an uncursed amulet of magic regeneration {unknown}
Wands
 o - a wand of flame (23/48)
Scrolls
 k - a scroll of teleportation
 t - a scroll of remove curse
Potions
 h - a potion of degeneration {unknown}
 i - 3 potions of curing
 l - 2 potions of might
 m - a potion of flight {unknown}
 r - a potion of heal wounds {unknown}
 s - a potion of ambrosia {unknown}
 u - a potion of mutation {unknown}
Comestibles
 f - 4 bread rations
 g - 4 meat rations
 n - 2 royal jellies


   Skills:
 + Level 3.0 Fighting
 + Level 6.3 Bows
 + Level 1.3 Armour
 + Level 2.1 Dodging
 + Level 1.3 Stealth


You had 5 spell levels left.
You didn't know any spells.

Dungeon Overview and Level Annotations

Branches:
Dungeon (3/15)

Altars:


Message History

* * * LOW HITPOINT WARNING * * *
You are lethally poisoned!
The adder poisons you!
* * * LOW HITPOINT WARNING * * *
You feel sick. The adder misses you.
* * * LOW HITPOINT WARNING * * *
You feel sick. The adder misses you. The adder completely misses you.
* * * LOW HITPOINT WARNING * * *
You feel sick. The adder misses you. The adder bites you.
* * * LOW HITPOINT WARNING * * *
Your unstable footing causes you to fumble your attack.
* * * LOW HITPOINT WARNING * * *
You feel sick. The adder barely misses you.
You hit the adder.
The adder is heavily wounded.
* * * LOW HITPOINT WARNING * * *
You feel sick. The adder bites you. The adder barely misses you.
You closely miss the adder.
The adder is heavily wounded.
You die...

..#
####...#...########.........
..#
#................#######....
..# #.##...#...#####.# #.....
..# #.#######..# #.### #.####
### #.# #..# ##...####.# #
#.# #>)# ##...)..##÷### # #.#
######.####.....).# ## #.#
##≈≈####≈≈##......## >#
#.#### #≈≈@Sr≈≈≈≈≈#........
.# ##....#
##≈†####≈≈##......## .#
#.....# #≈##≈≈##≈#......÷# .#
#.....# #≈#≈∩≈≈≈≈##########
.#
#..#.######≈#≈≈≈≈≈≈#.........
.#
#..#......#≈##≈≈#####.#######
.####†.########≈≈####≈≈##.#
.........[...#≈≈≈≈≈≈†≈≈†..#
.............##≈≈####≈≈####


You could see an adder and a river rat.

Vanquished Creatures
  An orc priest (D:3)
  An orc wizard (D:3)
  3 gnolls (D:3)
  6 adders
  2 oozes
  2 worms (D:3)
  A dart slug (D:1)
  2 leopard geckos (D:2)
  3 orcs (D:3)
  10 bats
  4 giant cockroaches
  9 goblins
  6 hobgoblins
  4 jackals (D:3)
  10 kobolds
  A quokka (D:2)
  A frilled lizard (D:1)
  9 rats
75 creatures vanquished.

Notes
Turn   | Place    | Note
-------+----------+-------------------------------------------
     0 | D:1      | Alfie the Human Hunter began the quest for the Orb.
     0 | D:1      | Reached XP level 1. HP: 16/16 MP: 1/1
    83 | D:1      | Reached XP level 2. HP: 22/22 MP: 2/2
   190 | D:1      | Reached XP level 3. HP: 27/27 MP: 3/3
   670 | D:2      | Reached skill level 5 in Bows
   681 | D:2      | Reached XP level 4. HP: 9/33 MP: 4/4
  1525 | D:3      | Reached XP level 5. HP: 39/39 MP: 5/5
  1719 | D:3      | Reached skill level 1 in Armour
  1733 | D:3      | Reached skill level 6 in Bows
  1894 | D:3      | Reached XP level 6. HP: 44/46 MP: 6/6
  2244 | D:3      | HP: 2/47 [adder (2)]
  2247 | D:3      | Succumbed to an adder's poison

Skill      XL: |  1  2  3  4  5  6 |
---------------+-------------------+-----
Bows           | 5 6 |  6.3
Armour         | 1 |  1.3
Fighting       | 3 |  3.0
Dodging        | |  2.1
Stealth        | |  1.3

Action                   |  1- 3 |  4- 6 || total
-------------------------+-------+-------++-------
Melee: Short sword       |       |    27 ||    27
 Fire: Shortbow          |    68 |   135 ||   203
  Use: Scroll            |     4 |     7 ||    11
       Potion            |       |     3 ||     3
  Eat: Bread ration      |       |     1 ||     1
Armor: Leather armour    |       |    10 ||    10
Dodge: Dodged            |    14 |    53 ||    67
